 Dungeon Crawl Stone Soup version 0.28.0-62-gf88900778d (webtiles) character file.

Game seed: 8389609895740156724

23 hikkokomori the Digger (level 2, 16/16 HPs)
             Began as a Gargoyle Earth Elementalist on Apr 23, 2023.
             Got out of the dungeon alive.
             The game lasted 00:01:04 (1015 turns).

hikkokomori the Digger (GrEE)                       Turns: 1015, Time: 00:01:05

Health: 16/16      AC:  4    Str: 11    XL:     2   Next: 95%
Magic:  5/5        EV: 12    Int: 15    God:
Gold:   24         SH:  0    Dex: 10    Spells: 4/5 levels left

rFire   . . .      SeeInvis .   (no weapon)
rCold   . . .      Faith    .   (no shield)
rNeg    + . .      Spirit   .   b - +0 robe
rPois   ∞          Reflect  .   (no helmet)
rElec   +          Harm     .   (no cloak)
rCorr   .          Rampage  .   (no gloves)
Will    .....                   (no boots)
Stlth   ++........              (no amulet)
HPRegen 0.05/turn               (no ring)
MPRegen 0.09/turn               (no ring)

@: no status effects
A: sickness immunity, AC +2, negative energy resistance 1, electricity
resistance, torment resistance 1, petrification resistance
a: no special abilities


You escaped.
You visited 1 branch of the dungeon, and saw 1 of its levels.

You collected 24 gold pieces.

Inventory:

Missiles
 c - 37 stones
Armour
 b - a +0 robe (worn)
Jewellery
 e - a +4 ring of protection
Scrolls
 f - a scroll of fog {unknown}
Potions
 a - a potion of lignification {unknown}
 d - 2 potions of curing {unknown}


   Skills:
 + Level 1.0 Fighting
 - Level 1.6 Dodging
 + Level 2.7 Stealth
 + Level 2.3 Spellcasting
 - Level 0.8 Transmutations
 + Level 3.9 Earth Magic


You had 4 spell levels left.
You knew the following spells:

 Your Spells              Type           Power      Damage    Failure   Level
a - Sandblast             Erth           26%        2d8       4%          1

Your spell library contained the following spells:

 Spells                   Type           Power      Damage    Failure   Level
 Passwall                 Tmut/Erth      7%         N/A       12%         2
 Stone Arrow              Conj/Erth      14%        3d7       28%         3
 Frozen Ramparts          Ice            2%         1d2       54%         3
 Petrify                  Tmut/Erth      9%         N/A       61%         4
 Ice Form                 Ice/Tmut       3%         N/A       87%         4
 Summon Ice Beast         Ice/Summ       1%         N/A       91%         4


Dungeon Overview and Level Annotations

Branches:
Dungeon (1/15)

Altars:


Innate Abilities, Weirdness & Mutations

You are immune to sickness and miasma.
Your stone body is resilient. (AC +2)
You are immune to poison.
You resist negative energy. (rN+)
You are resistant to electric shocks. (rElec)
You are resistant to unholy torment.
You are immune to petrification.


Message History

A quokka is nearby!
You can't see any susceptible monsters within range! (Use Z to cast anyway.)
You can't see any susceptible monsters within range! (Use Z to cast anyway.)
A quokka is nearby!
A quokka is nearby!
The blast of sand hits the quokka!
You kill the quokka!
Your Fighting skill increases to level 1!
Key pressed, stopping explore.
You can't see any susceptible monsters within range! (Use Z to cast anyway.) No target in view!
No target in view!
c - 37 stones (gained 29)
You now have 24 gold pieces (gained 11).
You open the door.
There is an open door here.
Key pressed, stopping explore.
You can't see any susceptible monsters within range! (Use Z to cast anyway.) No target in view!
You can't see any susceptible monsters within range! (Use Z to cast anyway.)
You open the door.
There is an open door here.
There is an open door here.
There is an open door here.
Done exploring.
You can't see any susceptible monsters within range! (Use Z to cast anyway.) No target in view!
Done exploring.
You can't see any susceptible monsters within range! (Use Z to cast anyway.) No target in view!
Done exploring.
You can't see any susceptible monsters within range! (Use Z to cast anyway.) No target in view!
Done exploring.
Done exploring.
Done exploring.
There is an open door here.
There is a staircase leading out of the dungeon here.
Are you sure you want to leave the Dungeon?
This will make you lose the game!
You have escaped!

#+###'#........# #. ######
#.≈#≈.#.###....# #.
.....#########.≈≈≈.#.# #....# ##
.......>....##.≈8≈.#.###....##
......#####.##.....#.##......#
......# #...##♣...♣#..+......####
......# #...##P♣.♣P####.........#
......###...###P.P###............
....#.#.'...+#P#@#P########.#####
....#.#.#...###.♣.####..#.#..#8..
....#.#.#.....#♣#♣#..#..'.#..#...
'####.#.#.###.#####.##..#^#..##'#
.# #.#.#.....##.##.##..#_#......
.####.#.####.....##.##..###..#...
......#....#.###.##.###......####
.#########.#.# #....#..###...#8..
.# #...# ######.....#####..


There were no monsters in sight!

Vanquished Creatures
  A dart slug (D:1)
  2 bats (D:1)
  2 endoplasms (D:1)
  2 goblins (D:1)
  4 hobgoblins (D:1)
  A kobold (D:1)
  A quokka (D:1)
  2 ball pythons (D:1)
  A frilled lizard (D:1)
  2 rats (D:1)
18 creatures vanquished.

Notes
Turn   | Place    | Note
-------+----------+-------------------------------------------
     0 | D:1      | hikkokomori the Gargoyle Earth Elementalist began the quest
                  | for the Orb.
     0 | D:1      | Reached XP level 1. HP: 10/10 MP: 3/3
    81 | D:1      | Found a faded altar of an unknown god.
   205 | D:1      | Reached XP level 2. HP: 15/15 MP: 3/5
   855 | D:1      | Reached skill level 1 in Fighting
  1015 | D:$      | Got out of the dungeon alive.

Illustrated notes

Levels and vault maps discovered:
D:1:      tarquinn_simple_flora_water_d, layout_basic,
          shapermc_ecumenical_altar_mp_vishouse

Skill      XL: |  1  2 |
---------------+-------+-----
Fighting       | 1 |  1.0
Dodging        | |  1.6
Stealth        | |  2.7
Spellcasting   | |  2.3
Transmutations | |  0.8
Earth Magic    | |  3.9

Action                   || total
-------------------------++-------
Melee: Unarmed           ||     2
 Cast: Sandblast         ||    22
Armor: Robe              ||     1
Dodge: Dodged            ||     1
